MWL (24 & UNDER)
WISCONSIN RAPIDS RANGERS @ LEE'S SUMMIT TIGERS
09/01/2025
 
TOP OF THE 1ST
Wisconsin Rapids Rangers batting - Pitching for Lee's Summit Tigers : RHP Todd Brewster
Pitching: RHP Todd Brewster
Batting: RHB Troy Reed 0-0: SOLO HOME RUN (Line Drive, 7LD), Distance : 320 ft
Batting: LHB Ramón Córdova 0-0: Foul Ball, location: 2F
0-1: Swinging Strike
0-2: Strikes out swinging
Batting: RHB Dick Slagboom 0-0: Called Strike
0-1: DOUBLE (Line Drive, 6MD)
Batting: SHB Ricardo Arévalo 0-0: Ball
1-0: Ball
2-0: Called Strike
2-1: Ball
3-1: Called Strike
3-2: Base on Balls
Batting: LHB George Smith 0-0: Ball
1-0: Called Strike
1-1: 3-RUN HOME RUN (Flyball, 89XD), Distance : 379 ft
Batting: RHB Paul Richard 0-0: Called Strike
0-1: SINGLE (Flyball, 4MD)
Batting: RHB Andrés Bustamante 0-0: Ball
1-0: Called Strike
1-1: Foul Ball, location: 2F
1-2: Ball
2-2: Ball
3-2: Fly out, F7 (Flyball, 78M)
Batting: SHB José González 0-0: Called Strike
0-1: Ball
1-1: Called Strike
Paul Richard is caught stealing 2nd base
Top of the 1st over - 4 run(s), 4 hit(s), 0 error(s), 0 left on base; Wisconsin Rapids 4 - Lee's Summit 0
BOTTOM OF THE 1ST
Lee's Summit Tigers batting - Pitching for Wisconsin Rapids Rangers : RHP Juan Contreras
Pitching: RHP Juan Contreras
Batting: RHB José López 0-0: Swinging Strike
0-1: Called Strike
0-2: Ball
1-2: Ball
2-2: Foul Ball, location: 2F
2-2: Ball
3-2: Foul Ball, location: 2F
3-2: Hit by Pitch
Batting: LHB Tomás Téllez 0-0: Called Strike
0-1: Ball
1-1: Grounds into double play, 4-6-3 (Groundball, 4M)
Batting: LHB Edward Rose 0-0: Called Strike
0-1: Foul Ball, location: 2F
0-2: Fly out, F9 (Flyball, 9M)
Bottom of the 1st over - 0 run(s), 0 hit(s), 0 error(s), 0 left on base; Wisconsin Rapids 4 - Lee's Summit 0
TOP OF THE 2ND
Wisconsin Rapids Rangers batting - Pitching for Lee's Summit Tigers : RHP Todd Brewster
Batting: SHB José González 0-0: Foul Ball, location: 2F
0-1: Ball
1-1: Ball
2-1: Fly out, F2 (Popup, 25F)
Batting: RHB Juan García 0-0: Ball
1-0: Called Strike
1-1: Foul Ball, location: 2F
1-2: SINGLE (Line Drive, 4MD)
Batting: RHB Troy Reed 0-0: Called Strike
0-1: Called Strike
0-2: Ball
1-2: Strikes out looking
Batting: LHB Ramón Córdova 0-0: Ball
1-0: Called Strike
1-1: Foul Ball, location: 2F
1-2: Ball
2-2: Strikes out swinging
Top of the 2nd over - 0 run(s), 1 hit(s), 0 error(s), 1 left on base; Wisconsin Rapids 4 - Lee's Summit 0
BOTTOM OF THE 2ND
Lee's Summit Tigers batting - Pitching for Wisconsin Rapids Rangers : RHP Juan Contreras
Batting: RHB Flint Todd 0-0: Ball
1-0: Foul Ball, location: 2F
1-1: Swinging Strike
1-2: Ball
2-2: Foul Ball, location: 2F
2-2: Ball
3-2: Strikes out swinging
Batting: SHB Juan Glaviz 0-0: Ball
1-0: Foul Ball, location: 2F
1-1: Ball
2-1: Ground out 5-3 (Groundball, 56)
Batting: RHB Rusty Bennett 0-0: Foul Ball, location: 2F
0-1: Foul Ball, location: 2F
0-2: Strikes out swinging
Bottom of the 2nd over - 0 run(s), 0 hit(s), 0 error(s), 0 left on base; Wisconsin Rapids 4 - Lee's Summit 0
TOP OF THE 3RD
Wisconsin Rapids Rangers batting - Pitching for Lee's Summit Tigers : RHP Todd Brewster
Batting: RHB Dick Slagboom 0-0: Called Strike
0-1: Ball
1-1: SINGLE (Line Drive, 89S)
Batting: SHB Ricardo Arévalo 0-0: Called Strike
0-1: Ball
1-1: Swinging Strike
1-2: Ball
2-2: Strikes out looking
Batting: LHB George Smith 0-0: Ball
1-0: Swinging Strike
1-1: Ball
2-1: Ball
3-1: Called Strike
3-2: Base on Balls
Dick Slagboom to second
Batting: RHB Paul Richard 0-0: SINGLE (Groundball, 56D) (infield hit)
Dick Slagboom to third
George Smith to second
Batting: RHB Andrés Bustamante 0-0: Ball
1-0: Foul Ball, location: 2F
1-1: Ball
2-1: Ball
3-1: Base on Balls
Dick Slagboom scores
George Smith to third
Paul Richard to second
Batting: SHB José González 0-0: Foul Ball, location: 2F
0-1: Foul Ball, location: 2F
0-2: Ball
1-2: Ball
2-2: Grounds into double play, 6-4-3 (Groundball, 6)
Top of the 3rd over - 1 run(s), 2 hit(s), 0 error(s), 2 left on base; Wisconsin Rapids 5 - Lee's Summit 0
BOTTOM OF THE 3RD
Lee's Summit Tigers batting - Pitching for Wisconsin Rapids Rangers : RHP Juan Contreras
Batting: RHB Kyle Baylor 0-0: Ball
1-0: Swinging Strike
1-1: Called Strike
1-2: Strikes out swinging
Batting: RHB Gustavo Valle 0-0: Called Strike
0-1: Swinging Strike
0-2: Strikes out looking
Batting: LHB Darren Holland 0-0: Ball
1-0: Called Strike
1-1: Ball
2-1: Ball
3-1: Base on Balls
Batting: RHB José López 0-0: Called Strike
0-1: Ball
1-1: Foul Ball, location: 2F
1-2: Foul Ball, location: 2F
1-2: Ground out 4-3 (Groundball, 34)
Bottom of the 3rd over - 0 run(s), 0 hit(s), 0 error(s), 1 left on base; Wisconsin Rapids 5 - Lee's Summit 0
TOP OF THE 4TH
Wisconsin Rapids Rangers batting - Pitching for Lee's Summit Tigers : RHP Todd Brewster
Batting: RHB Juan García 0-0: Ball
1-0: Ball
2-0: Ball
3-0: Called Strike
3-1: Called Strike
3-2: Foul Ball, location: 2F
3-2: Foul Ball, location: 2F
3-2: Foul Ball, location: 2F
3-2: Foul Ball, location: 2F
3-2: Strikes out swinging
Batting: RHB Troy Reed 0-0: Ball
1-0: Called Strike
1-1: Ball
2-1: Swinging Strike
2-2: Foul Ball, location: 2F
2-2: Foul Ball, location: 2F
2-2: SINGLE (Groundball, 56) (infield hit)
Pitching: LHP Dave McCoy
Batting: LHB Ramón Córdova 0-0: Ball
1-0: Ball
2-0: Fielders Choice at 2nd, 6-4 (Groundball, 6)
Batting: RHB Dick Slagboom 0-0: Called Strike
Ramón Córdova steals 2nd base
0-1: Foul Ball, location: 2F
0-2: Foul Ball, location: 2F
0-2: Foul Ball, location: 2F
0-2: Fly out, F3 (Popup, 3S)
Top of the 4th over - 0 run(s), 1 hit(s), 0 error(s), 1 left on base; Wisconsin Rapids 5 - Lee's Summit 0
BOTTOM OF THE 4TH
Lee's Summit Tigers batting - Pitching for Wisconsin Rapids Rangers : RHP Juan Contreras
Batting: LHB Tomás Téllez 0-0: Called Strike
0-1: Ball
1-1: Called Strike
1-2: Ball
2-2: Fly out, F9 (Flyball, 9M)
Batting: LHB Edward Rose 0-0: Called Strike
0-1: Ball
1-1: Called Strike
1-2: Strikes out looking
Batting: RHB Flint Todd 0-0: SINGLE (Line Drive, 6MD)
Batting: SHB Juan Glaviz 0-0: Ball
1-0: Fly out, F8 (Flyball, 8LM)
Bottom of the 4th over - 0 run(s), 1 hit(s), 0 error(s), 1 left on base; Wisconsin Rapids 5 - Lee's Summit 0
TOP OF THE 5TH
Wisconsin Rapids Rangers batting - Pitching for Lee's Summit Tigers : LHP Dave McCoy
Batting: SHB Ricardo Arévalo 0-0: Ball
1-0: Called Strike
1-1: Ball
2-1: Foul Ball, location: 2F
2-2: Strikes out swinging
Batting: LHB George Smith 0-0: Ball
1-0: Foul Ball, location: 2F
1-1: Ball
2-1: Ball
3-1: Foul Ball, location: 2F
3-2: Base on Balls
Batting: RHB Paul Richard 0-0: Ball
1-0: Ball
2-0: Called Strike
2-1: Foul Ball, location: 2F
2-2: Ball
3-2: Grounds into double play, 6-4-3 (Groundball, 56)
Top of the 5th over - 0 run(s), 0 hit(s), 0 error(s), 0 left on base; Wisconsin Rapids 5 - Lee's Summit 0
BOTTOM OF THE 5TH
Lee's Summit Tigers batting - Pitching for Wisconsin Rapids Rangers : RHP Juan Contreras
Batting: RHB Rusty Bennett 0-0: Called Strike
0-1: Ball
1-1: Ball
2-1: SINGLE (Line Drive, 78S)
Batting: RHB Kyle Baylor 0-0: Called Strike
0-1: Ball
1-1: Foul Ball, location: 2F
1-2: Strikes out swinging
Batting: RHB Gustavo Valle 0-0: Foul Ball, location: 2F
0-1: Ball
Rusty Bennett steals 2nd base
1-1: Ball
2-1: Swinging Strike
2-2: Strikes out swinging
Batting: LHB Darren Holland 0-0: Swinging Strike
0-1: Ground out 1-3 (Groundball, 15)
Bottom of the 5th over - 0 run(s), 1 hit(s), 0 error(s), 1 left on base; Wisconsin Rapids 5 - Lee's Summit 0
TOP OF THE 6TH
Wisconsin Rapids Rangers batting - Pitching for Lee's Summit Tigers : LHP Dave McCoy
Batting: RHB Andrés Bustamante 0-0: Foul Ball, location: 2F
0-1: Ball
1-1: Ball
2-1: Ball
3-1: Called Strike
3-2: Base on Balls
Batting: SHB José González 0-0: Called Strike
0-1: Ball
1-1: Called Strike
1-2: Strikes out swinging
Batting: RHB Juan García 0-0: Called Strike
0-1: DOUBLE (Line Drive, 9LD)
Andrés Bustamante to third
Batting: RHB Troy Reed 0-0: Ball
1-0: Called Strike
1-1: DOUBLE (Line Drive, 89M)
Andrés Bustamante scores
Juan García scores
Batting: LHB Ramón Córdova 0-0: Ball
1-0: Ball
2-0: Called Strike
2-1: Fly out, F7 (Line Drive, 7S)
Batting: RHB Dick Slagboom 0-0: Ball
1-0: Called Strike
1-1: Ball
2-1: Ball
3-1: Called Strike
3-2: Base on Balls
Batting: SHB Ricardo Arévalo 0-0: Called Strike
0-1: Ball
1-1: Foul Ball, location: 2F
1-2: Fly out, F9 (Flyball, 89M)
Top of the 6th over - 2 run(s), 2 hit(s), 0 error(s), 2 left on base; Wisconsin Rapids 7 - Lee's Summit 0
BOTTOM OF THE 6TH
Lee's Summit Tigers batting - Pitching for Wisconsin Rapids Rangers : RHP Juan Contreras
Batting: RHB José López 0-0: Swinging Strike
0-1: Ball
1-1: SINGLE (Line Drive, 4MD)
Batting: LHB Tomás Téllez 0-0: Called Strike
0-1: Fly out, F8 (Flyball, 89M)
Batting: LHB Edward Rose 0-0: Fly out, F4 (Popup, 4D)
Batting: RHB Flint Todd 0-0: Swinging Strike
0-1: Called Strike
0-2: Foul Ball, location: 2F
0-2: SINGLE (Line Drive, 6D)
José López to second
Batting: SHB Juan Glaviz 0-0: Ball
1-0: Swinging Strike
1-1: Called Strike
1-2: Foul Ball, location: 2F
1-2: Strikes out swinging
Bottom of the 6th over - 0 run(s), 2 hit(s), 0 error(s), 2 left on base; Wisconsin Rapids 7 - Lee's Summit 0
TOP OF THE 7TH
Wisconsin Rapids Rangers batting - Pitching for Lee's Summit Tigers : LHP Dave McCoy
Batting: LHB George Smith 0-0: Ball
1-0: SINGLE (Line Drive, 4MD)
Pitching: RHP John Gill
Batting: RHB Paul Richard 0-0: Ball
1-0: Sac Bunt - play at first, batter OUT! 5-4
George Smith to second
Batting: RHB Andrés Bustamante 0-0: Ball
1-0: Called Strike
1-1: Swinging Strike
1-2: Foul Ball, location: 2F
1-2: Strikes out looking
Batting: SHB José González 0-0: Ball
1-0: Ball
2-0: Fly out, F3 (Popup, 3DF)
Top of the 7th over - 0 run(s), 1 hit(s), 0 error(s), 1 left on base; Wisconsin Rapids 7 - Lee's Summit 0
BOTTOM OF THE 7TH
Lee's Summit Tigers batting - Pitching for Wisconsin Rapids Rangers : RHP Juan Contreras
Pitching: RHP Jesús Martínez
Batting: RHB Rusty Bennett 0-0: Swinging Strike
0-1: Ball
1-1: Foul Ball, location: 2F
1-2: Foul Ball, location: 2F
1-2: Ball
2-2: Ball
3-2: Base on Balls
Batting: RHB Kyle Baylor 0-0: Ball
1-0: Grounds into double play, 6-4-3 (Groundball, 6)
Batting: RHB Gustavo Valle 0-0: Ball
1-0: Ball
2-0: Ball
3-0: Foul Ball, location: 2F
3-1: Swinging Strike
3-2: Strikes out swinging
Bottom of the 7th over - 0 run(s), 0 hit(s), 0 error(s), 0 left on base; Wisconsin Rapids 7 - Lee's Summit 0
TOP OF THE 8TH
Wisconsin Rapids Rangers batting - Pitching for Lee's Summit Tigers : RHP John Gill
Batting: RHB Juan García 0-0: Ball
1-0: Fly out, F4 (Line Drive, 4M)
Pinch Hitting: LHB Luis Rodríguez 0-0: SOLO HOME RUN (Flyball, 89XD), Distance : 368 ft
Batting: LHB Ramón Córdova 0-0: Foul Ball, location: 2F
0-1: Foul Ball, location: 2F
0-2: Ball
1-2: Ball
2-2: Foul Ball, location: 2F
2-2: Ball
3-2: Base on Balls
Batting: RHB Dick Slagboom 0-0: Called Strike
0-1: Swinging Strike
0-2: Ball
1-2: Ball
2-2: Foul Ball, location: 2F
2-2: Foul Ball, location: 2F
2-2: Foul Ball, location: 2F
2-2: Strikes out looking
Batting: SHB Ricardo Arévalo 0-0: Ball
1-0: Ball
2-0: Ball
3-0: Called Strike
3-1: Called Strike
3-2: Base on Balls
Ramón Córdova to second
Batting: LHB George Smith 0-0: Ball
1-0: Ball
2-0: Ball
3-0: Called Strike
3-1: Fly out, F2 (Popup, 23F)
Top of the 8th over - 1 run(s), 1 hit(s), 0 error(s), 2 left on base; Wisconsin Rapids 8 - Lee's Summit 0
BOTTOM OF THE 8TH
Lee's Summit Tigers batting - Pitching for Wisconsin Rapids Rangers : RHP Jesús Martínez
Now in LF: Salvador Vázquez
Batting: LHB Darren Holland 0-0: Foul Ball, location: 2F
0-1: Foul Ball, location: 2F
0-2: Strikes out looking
Batting: RHB José López 0-0: SINGLE (Groundball, 56)
Batting: LHB Tomás Téllez 0-0: SINGLE (Groundball, 4M)
José López to second
Batting: LHB Edward Rose 0-0: Ball
1-0: Ball
2-0: SINGLE (Line Drive, 8LS)
José López to third
Tomás Téllez to second
Runner from 3rd tries for Home, SAFE, no throw or cutoff
Batting: RHB Flint Todd 0-0: Called Strike
0-1: Ball
1-1: Foul Ball, location: 2F
1-2: Strikes out swinging
Batting: SHB Juan Glaviz 0-0: Foul Ball, location: 2F
0-1: Ball
1-1: SINGLE (Line Drive, 89S)
Tomás Téllez to third
Edward Rose to second
Batting: RHB Rusty Bennett 0-0: Ground out 1-3 (Groundball, 34S)
Bottom of the 8th over - 1 run(s), 4 hit(s), 0 error(s), 3 left on base; Wisconsin Rapids 8 - Lee's Summit 1
TOP OF THE 9TH
Wisconsin Rapids Rangers batting - Pitching for Lee's Summit Tigers : RHP John Gill
Batting: RHB Paul Richard 0-0: Ball
1-0: Swinging Strike
1-1: Ground out 6-3 (Groundball, 6M)
Batting: RHB Andrés Bustamante 0-0: Ball
1-0: Called Strike
1-1: Ball
2-1: Ground out 1-3 (Groundball, 15)
Pinch Hitting: RHB Pedro Ramírez 0-0: Ball
1-0: Foul Ball, location: 2F
1-1: Ball
2-1: Fly out, F2 (Popup, 2LF)
Top of the 9th over - 0 run(s), 0 hit(s), 0 error(s), 0 left on base; Wisconsin Rapids 8 - Lee's Summit 1
BOTTOM OF THE 9TH
Lee's Summit Tigers batting - Pitching for Wisconsin Rapids Rangers : RHP Jesús Martínez
Now at SS: Pedro Ramírez
Batting: RHB Kyle Baylor 0-0: Called Strike
0-1: Ball
1-1: Called Strike
1-2: Strikes out looking
Batting: RHB Gustavo Valle 0-0: Ball
1-0: Ground out 1-3 (Groundball, 13S)
Batting: LHB Darren Holland 0-0: Ground out 4-3 (Groundball, 4M)
Bottom of the 9th over - 0 run(s), 0 hit(s), 0 error(s), 0 left on base; Wisconsin Rapids 8 - Lee's Summit 1
This league is powered by Out of the Park Baseball, the baseball management simulation game for PC, Mac and Linux
Tuesday, August 2nd, 2016 - OOTP Baseball 16.8 Build 38